cohdb
Replays
Latest Replays
All Replays
Popular Replays
Top Player Replays
Match Explorer
How It Works
Community
CoH3 Stats
Reddit
Sign in to upload your games and track your stats! →
Sign in with Steam
Match 42422051
Unlisted
Match 42422051
Overview
Messages
Build Orders
End
Construct Infanterie Kompanie
Kettenkrad Recon Vehicle
Selects Breakthrough Battlegroup
Selects Assault Grenadiers
Grenadier Squad
GrW 34 Mortar Team
Grenadier Squad
Construct Luftwaffe Kompanie
Flak 30 Anti-aircraft Gun Team
Infanterie Officer Quarters
Kettenkrad Recon Vehicle
Jäger Squad
MG 42 Bunker
Jäger Squad
Support Elements
Selects Rapid Production
Selects Smoke Bombing Run
XandersXIV
Ori
Kalof
AppleU
We are currently clear on OPSEC
UMirinBrah?
Dark Angels
Tirant
0
0
Comments
sign in to comment!
No comments posted yet!